 Dungeon Crawl Stone Soup version 0.29-a0-23-ga79f92ac9c (webtiles) character file.

Game seed: 8772234621592727517

638 HallandMoats the Skirmisher (level 7, 0/37 HPs)
             Began as a Vine Stalker Fighter on Jan 30, 2022.
             Was an Elder of Cheibriados.
             Slain by a gnoll (1 damage)
             ... on level 5 of the Dungeon.
             The game lasted 00:05:01 (4618 turns).

HallandMoats the Skirmisher (Vine Stalker Fighter)  Turns: 4618, Time: 00:05:01

Health: 0/37       AC:  8    Str: 28    XL:     7   Next: 50%
Magic:  0/10       EV: 11    Int: 17    God:    Cheibriados [****..]
Gold:   196        SH:  6    Dex: 24    Spells: 6/6 levels left

rFire   . . .      SeeInvis .   a - +0 hand axe
rCold   . . .      Faith    .   c - +0 buckler
rNeg    . . .      Spirit   +   b - +0 scale mail
rPois   .          Reflect  .   (no helmet)
rElec   .          Harm     .   (no cloak)
rCorr   .          Rampage  .   q - +0 pair of gloves
Will    .....                   (no boots)
Stlth   +.........              (no amulet)
HPRegen 0.92/turn               (no ring)
MPRegen 0.12/turn               (no ring)

@: very slow
A: fangs 2, regeneration 1, magic shield, antimagic bite, no potion heal 2
a: Renounce Religion, Bend Time, Temporal Distortion, Slouch


You were on level 5 of the Dungeon.
You worshipped Cheibriados.
Cheibriados was greatly pleased with you.
You visited 1 branch of the dungeon, and saw 5 of its levels.

You collected 196 gold pieces.

Inventory:

Hand Weapons
 a - a +0 hand axe (weapon)
Armour
 b - a +0 scale mail (worn)
 c - a +0 buckler (worn)
 q - a +0 pair of gloves (worn)
Wands
 o - a wand of mindburst (6)
 r - a wand of iceblast (9)
 v - a wand of charming (8)
Scrolls
 f - 2 scrolls of noise {unknown}
 g - a scroll of blinking {unknown}
 h - 5 scrolls of teleportation {unknown}
 k - 4 scrolls of identify {unknown}
 m - 2 scrolls of enchant armour {unknown}
 t - a scroll of fear {unknown}
Potions
 d - a potion of might
 e - 4 potions of cancellation {unknown}
 i - 2 potions of haste {unknown}
 j - a potion of brilliance {unknown}
 l - 3 potions of curing {unknown}
 n - a potion of ambrosia {unknown}
 p - 3 potions of heal wounds {unknown}
 s - a potion of attraction {unknown}
 u - 2 potions of berserk rage {unknown}


   Skills:
 * Level 4.3 Fighting
 * Level 3.7 Axes
 + Level 3.2 Armour
 + Level 1.8 Dodging
 + Level 3.6 Shields
 * Level 3.5 Invocations


You had 6 spell levels left.
You didn't know any spells.
Your spell library contained the following spells:

 Spells                   Type           Power      Damage    Failure   Level
 Conjure Flame            Conj/Fire      0%         6-21      89%         3
 Ignite Poison            Fire/Tmut/Pois 0%         N/A       89%         3
 Stone Arrow              Conj/Erth      0%         3d7       89%         3
 Animate Armour           Summ/Erth      0%         N/A       100%        4
 Sticky Flame             Conj/Fire      0%         2d3       100%        4
 Lehudib's Crystal Spear  Conj/Erth      0%         10d2      100%        8


Dungeon Overview and Level Annotations

Branches:
Dungeon (5/15)
 Temple: D:4-7

Altars:
Cheibriados
Fedhas
Gozag
Qazlal
Wu Jian

Annotations:
D:3 3 runed translucent doors, exclusion: oklob plant, Bediveer's ghost, amateur HOFi


Innate Abilities, Weirdness & Mutations

You have extremely sharp teeth.
Your natural rate of healing is unusually fast.
When hurt, damage is shared between your health and your magic reserves.
Your bite disrupts and absorbs the magic of your enemies.
Potions cannot restore your health.


Message History

The gnoll is heavily wounded.
You completely miss the iguana. The iguana bites you.
The gnoll hits you but does no damage.
You slash the gnoll!
You kill the gnoll!
Cheibriados thoroughly appreciates the change of pace.
You barely miss the iguana. The iguana bites you.
You hit the iguana but do no damage.
The iguana is lightly wounded.
The iguana bites you!
You hit the iguana. You bite the iguana, but do no damage.
The iguana is lightly wounded.
The iguana completely misses you. x2
You hit the iguana. You bite the iguana, but do no damage.
The iguana is heavily wounded.
The iguana bites you!
You hit the iguana but do no damage.
The iguana is heavily wounded.
The iguana bites you.
The gnoll throws a throwing net.
You block the throwing net.
You hit the iguana but do no damage.
The iguana is heavily wounded.
You block the iguana's attack.
You hit the iguana. You bite the iguana, but do no damage.
The iguana is severely wounded.
The iguana completely misses you.
You hit the iguana but do no damage.
The iguana is severely wounded.
You block the iguana's attack.
The gnoll throws a throwing net.
The throwing net hits you.
You become entangled in the net!
The iguana bites you.
You struggle against the net.
The iguana bites you.
You struggle against the net.
The iguana bites you but does no damage.
You struggle against the net.
The iguana bites you.
* * * LOW HITPOINT WARNING * * *
You rip the net and break free!
The gnoll hits you with the +3 great mace of Turmoil {vorpal, rPois Str+2}!
* * * LOW HITPOINT WARNING * * *
You die...

....g##.. #..........## .......
##..........## .g..#
##............#
#...###.#............# #..
#l..................## ..
##..##...##..........# ##. ####
#..###...###.........#
#..##..####...#g..#..........##
........##...)@.....##.......#
#.......#....l..#...##.....##
##.......#.....####....##...#
##............### ##.#.....##
##....#........####### #...).#
.....##........##...######...#
.##...#...............###...##
.##..###...#.###...........##
..##......######.....).....#


You could see an iguana and a gnoll.

Vanquished Creatures
  An ogre (D:4)
  A necrophage (D:4)
  A phantom (D:5)
  A scorpion (D:4)
  2 gnoll shamans
  Natasha (twice) (D:2)
  A hound zombie (D:3)
  A hound skeleton (D:3)
  8 gnolls
  2 adders
  A white imp (D:5)
  2 worms (D:2)
  A dart slug (D:1)
  2 orcs (D:4)
  9 ball pythons
  5 endoplasms
  A giant cockroach (D:1)
  11 hobgoblins
  4 jackals (D:4)
  2 quokkas (D:1)
  A ball python zombie (D:3)
  7 bats
  3 frilled lizards
  11 goblins
  11 kobolds
  A quokka skeleton (D:3)
  7 rats
99 creatures vanquished.

Vanquished Creatures (others)
  A fungus (D:3)
1 creature vanquished.

Grand Total: 100 creatures vanquished

Notes
Turn   | Place    | Note
-------+----------+-------------------------------------------
     0 | D:1      | HallandMoats the Vine Stalker Fighter began the quest for
                  | the Orb.
     0 | D:1      | Reached XP level 1. HP: 11/11 MP: 2/2
   245 | D:1      | Reached XP level 2. HP: 15/16 MP: 3/3
   614 | D:1      | Found a faded altar of an unknown god.
   728 | D:1      | Prayed at the altar of an unknown god.
   728 | D:1      | Became a worshipper of Cheibriados the Contemplative
   728 | D:1      | Reached * piety under Cheibriados
   785 | D:1      | Reached skill level 1 in Invocations
   785 | D:1      | Reached XP level 3. HP: 19/19 MP: 4/4
  1180 | D:2      | Reached skill level 3 in Fighting
  1457 | D:2      | Reached ** piety under Cheibriados
  1914 | D:2      | Gained mutation: Your natural rate of healing is unusually
                  | fast. [Vine Stalker growth]
  1914 | D:2      | Reached XP level 4. HP: 14/24 MP: 6/6
  2159 | D:2      | Noticed Natasha
  2167 | D:2      | Killed Natasha
  2351 | D:2      | Noticed Natasha
  2354 | D:2      | Killed Natasha
  2556 | D:3      | Reached skill level 1 in Dodging
  2556 | D:3      | Reached XP level 5. HP: 28/28 MP: 7/7
  2758 | D:3      | Found a runed translucent gate.
  2759 | D:3      | Found a runed translucent gate.
  2759 | D:3      | Found an opulent altar of Gozag.
  2760 | D:3      | Found a runed translucent gate.
  2762 | D:3      | Noticed a water moccasin
  2764 | D:3      | Noticed Bediveer's ghost (amateur HOFi)
  3122 | D:3      | Found a blossoming altar of Fedhas.
  3133 | D:3      | Noticed an oklob plant
  3410 | D:4      | Noticed a necrophage
  3419 | D:4      | Killed a necrophage
  3420 | D:4      | Reached XP level 6. HP: 28/33 MP: 5/8
  3515 | D:4      | Reached *** piety under Cheibriados
  3775 | D:4      | Found a stormy altar of Qazlal.
  3960 | D:4      | Reached skill level 4 in Fighting
  4254 | D:5      | Entered Level 5 of the Dungeon
  4260 | D:4      | Reached XP level 7. HP: 37/37 MP: 10/10
  4513 | D:5      | Found an ornate altar of the Wu Jian Council.
  4594 | D:5      | Identified the +3 great mace of Turmoil {vorpal, rPois
                  | Str+2}
  4604 | D:5      | Reached **** piety under Cheibriados
  4618 | D:5      | HP: 1/37 [gnoll (10)]
  4618 | D:5      | Slain by a gnoll

Illustrated notes

Levels and vault maps discovered:
D:1:      co_arrival_random_square_maze, layout_basic,
          dilly_ecumenical_altar_fadedgnrine
D:2:      layout_basic, uniq_natasha
D:3:      corexii_shack_village, layout_basic, tgw_fedhas, ebering_ghost_gozag,
          serial_undead, serial_undead_e, serial_undead_c, serial_undead_d,
          serial_undead_d
D:4:      layout_basic, mainiacjoe_overflow_six_doors_small
D:5:      layout_cave_pools, lemuel_round_altar, minmay_ogre_servants

Skill      XL: |  1  2  3  4  5  6 |
---------------+-------------------+-----
Axes           | 2 3 |  3.7
Invocations    | 1 2 3 |  3.5
Fighting       | 3 4 |  4.3
Shields        | 3 |  3.6
Dodging        | 1 |  1.8
Armour         | 3 |  3.2

Action                   |  1- 3 |  4- 6 |  7- 9 || total
-------------------------+-------+-------+-------++-------
Melee: War axe           |    86 |    70 |       ||   156
       Bite              |    24 |    31 |    26 ||    81
       Hand axe          |       |    45 |    57 ||   102
Invok: Bend Time         |       |       |     2 ||     2
Evoke: Wand              |       |     1 |       ||     1
Armor: Scale mail        |    37 |    31 |    20 ||    88
Dodge: Dodged            |    32 |    51 |    49 ||   132
Block: Buckler           |    23 |    30 |    26 ||    79

Table legend: (Time is in decaauts)
 A = Elapsed time spent in this place.
 B = Non-inter-level travel time spent in this place.
 C = Inter-level travel time spent in this place.
 D = Time resting spent in this place.
 E = Time spent auto-exploring this place.
 F = Levels seen in this place.
 G = Mean time per level.
                   A        B        C        D        E       F      G
               +--------+--------+--------+--------+--------+-----+--------+
         Total |   6303 |   6049 |    254 |     37 |   5121 |   5 | 1260.6 |
       Dungeon |   6303 |   6049 |    254 |     37 |   5121 |   5 | 1260.6 |
               +--------+--------+--------+--------+--------+-----+--------+

Top non-repeatable levels by time:
     D:2: 1708 daAuts
     D:3: 1426 daAuts
     D:4: 1389 daAuts
     D:1: 1335 daAuts
     D:5: 442 daAuts
